Map: White Rabbit LE

Players

Sindyr - Winner!

  • Race: Zerg Zerg
  • League: Master
  • Spawn Location: 7:00

invis

  • Race: Terran Terran
  • League: Platinum
  • Spawn Location: 1:00

VOD

Have the link to the VOD?

Description

Time

  • Played on: Jan. 17, 2026, 11:31 a.m.
  • Length: 12:23
Show
View Real Time Build Order
Export as new Build Order

Sindyr Zerg - Winner!

Build Orders: Hatch First 

Get SALT Encoding   

  12  0:02  Drone  
  13  0:12  Overlord  
  13  0:21  Drone  
  14  0:31  Drone x2  
  14  0:35  Drone  
  17  0:45  Drone  
  18  0:59  Hatchery  
  18  1:02  Overlord  
  17  1:11  Extractor  
  17  1:12  Drone  
  17  1:22  Spawning Pool  
  17  1:23  Drone  
  17  1:32  Drone  
  18  1:39  Drone  
  19  1:50  Overlord  
  19  2:11  Queen x2  
  19  2:13  Drone x2  
  19  2:14  Drone  
  26  2:22  Baneling Nest  
  25  2:34  Metabolic Boost  
  25  2:40  Drone  
  25  2:41  Drone x3  
  29  3:01  Hatchery  
  28  3:11  Lair  
  28  3:13  Drone x3  
  28  3:16  Drone  
  32  3:33  Roach Warren  
  31  3:35  Evolution Chamber x2, Drone x2  
  31  3:38  Drone  
  31  3:40  Drone  
  33  3:51  Queen  
  36  3:55  Drone x3  
  36  3:57  Drone  
  39  4:02  Extractor  
  38  4:18  Centrifugal Hooks  
  38  4:23  Drone  
  38  4:24  Drone x3  
  42  4:26  Zerg Missile Weapons Level 1  
  42  4:38  Queen  
  44  4:39  Drone x6  
  44  4:41  Overlord  
  44  4:42  Overlord  
  50  4:53  Zerg Ground Armor Level 1  
  50  5:02  Drone  
  50  5:03  Drone x2  
  53  5:11  Glial Reconstitution  
  53  5:19  Extractor  
  53  5:20  Extractor  
  51  5:37  Spore Crawler  
  51  5:39  Spore Crawler  
  51  5:40  Drone  
  51  5:41  Drone x5, Spore Crawler  
  51  5:42  Drone  
  55  5:49  Spine Crawler  
  54  5:51  Drone  
  54  5:52  Spine Crawler, Drone x5  
  54  5:53  Overlord x3  
  59  6:06  Hydralisk Den  
  58  6:21  Extractor  
  57  6:27  Spine Crawler, Zerg Missile Weapons Level 2  
  57  6:29  Spine Crawler  
  55  6:33  Infestation Pit  
  55  6:37  Muscular Augments  
  54  6:41  Drone x8  
  62  6:51  Drone x3  
  65  6:54  Overlord x2  
  65  6:56  Zerg Ground Armor Level 2  
  65  7:10  Hive  
  65  7:19  Hatchery  
  65  7:20  Spore Crawler  
  63  7:23  Hatchery  
  63  7:24  Spore Crawler  
  63  7:27  Drone x4  
  63  7:28  Drone, Spore Crawler, Overlord x2  
  63  7:29  Overlord  
  65  7:43  Spore Crawler  
  64  7:44  Spore Crawler  
  64  7:45  Spore Crawler  
  62  7:51  Spore Crawler  
  62  7:53  Spore Crawler  
  62  7:55  Spore Crawler  
  62  7:57  Spore Crawler  
  58  8:18  Overseer  
  58  8:26  Roach x3  
  58  8:27  Roach x17, Zergling x14  
  86  8:28  Zergling x4  
  107  8:46  Hydralisk x3, Roach, Zergling x2  
  107  8:47  Roach x3  
  122  8:48  Zergling x2  
  122  8:50  Zergling x2  
  122  8:51  Zergling x2  
  125  8:56  Queen  
  128  9:31  Drone x3  
  128  9:32  Overlord x4  
  128  9:35  Zerg Missile Weapons Level 3, Zerg Ground Armor Level 3  
  130  9:41  Grooved Spines  
  130  9:48  Drone x4  
  134  10:04  Hatchery  
  133  10:09  Extractor  
  132  10:14  Ultralisk Cavern  
  132  10:16  Drone x3  
  134  10:34  Hydralisk  
  134  10:35  Hydralisk x6, Roach  
  142  10:36  Hydralisk x2, Roach x5  
  142  10:37  Roach  
  166  10:59  Overlord x3  
  166  11:00  Overlord x2  
  166  11:26  Overlord  
  166  11:27  Overlord x5  
  166  11:30  Pneumatized Carapace  
  166  11:32  Overlord  
  166  11:33  Overlord  
  166  11:35  Unknown  
  163  11:57  Hydralisk x4  
  163  11:58  Hydralisk x4, Roach x6  
  163  11:59  Roach x2  
  163  12:01  Roach  
  165  12:02  Roach  
Show
View Real Time Build Order
Export as new Build Order

invis Terran 

Build Orders:  

Get SALT Encoding   

  12  0:04  SCV  
  13  0:18  SCV  
  14  0:21  Supply Depot  
  14  0:31  SCV  
  15  0:47  Barracks  
  15  0:59  Barracks  
  15  1:08  Supply Depot  
  15  1:10  SCV  
  16  1:14  Refinery  
  16  1:23  SCV  
  17  1:35  SCV  
  18  1:44  Marine  
  19  1:47  SCV  
  19  1:52  Marine  
  21  2:06  Marine  
  22  2:25  Barracks Reactor  
  22  2:34  Command Center  
  22  2:47  Orbital Command  
  22  2:48  Barracks Tech Lab  
  22  2:56  Barracks  
  22  2:57  Barracks  
  22  3:02  Marine x2  
  24  3:10  Stimpack  
  24  3:19  SCV  
  25  3:22  Refinery  
  25  3:27  Marine x3  
  25  3:32  SCV  
  29  3:46  Factory  
  29  3:52  Engineering Bay  
  29  3:53  Barracks Tech Lab  
  29  3:54  Barracks Reactor  
  29  3:57  Marine x3  
  32  4:04  SCV  
  32  4:05  SCV  
  34  4:19  Concussive Shells  
  34  4:29  Missile Turret  
  34  4:32  Terran Infantry Weapons Level 1  
  34  4:36  Marine x2  
  34  4:37  Marine x4  
  40  4:45  Supply Depot  
  40  4:46  Factory Reactor  
  40  4:54  Marine  
  41  5:01  SCV x2  
  41  5:05  Starport  
  43  5:18  Orbital Command  
  43  5:20  Combat Shield  
  43  5:23  Marine x2  
  43  5:26  Marine x2  
  47  5:29  Marine  
  47  5:32  Marine  
  49  5:39  SCV  
  50  5:53  Missile Turret  
  50  5:59  Supply Depot, Medivac x2  
  50  6:04  Supply Depot  
  54  6:20  Marine x4, Refinery  
  54  6:21  Marauder x2  
  62  6:34  SCV x2  
  64  6:42  Medivac  
  64  6:46  Medivac  
  68  6:49  SCV x2  
  70  7:01  Supply Depot, Terran Infantry Armor Level 1  
  70  7:08  Factory Tech Lab  
  70  7:22  Marine x6  
  70  7:23  SCV x2  
  70  7:24  Supply Depot  
  78  7:34  Command Center  
  78  7:45  Marine x2  
  78  7:46  Marauder x2  
  84  8:01  SCV x2  
  86  8:08  Refinery  
  86  8:45  Marine x4  
  86  8:46  SCV x2, Siege Tank, Marauder x2  
  99  8:58  SCV x2  
  101  9:43  Supply Depot x2  
  101  9:45  Supply Depot x2  
  101  9:49  Barracks  
  101  9:52  Armory  
  101  9:54  Barracks  
  101  10:04  Liberator, Medivac, Siege Tank  
  109  10:10  Sensor Tower, Marauder x2, Marine x4, Command Center  
  109  10:13  Planetary Fortress  
  117  10:18  Sensor Tower  
  117  10:37  Missile Turret  
  117  10:42  Siege Tank  
  120  10:46  Command Center  
  120  10:57  Missile Turret  
  120  11:00  Supply Depot  
  120  11:04  Supply Depot  
  120  11:14  SCV  
  120  11:15  SCV x2  
  123  11:25  Marauder x2, Marine  
  127  11:26  Marine x3  
  127  11:27  Marine x2  
  133  11:49  Siege Tank  
Tags
 
Matchup
TvZ
Replay Pack
Multiplayer
Spawn Locations
Cross Positions
Add a new tag
Caveats
  • Supply blocks, unpowered buildings, or Contaminate may cause inaccurate times.
  • Supply counts are checked every 10 seconds.